 Dungeon Crawl Stone Soup version 0.17.1-3-g152610e (webtiles) character file.

864 Gargoyl the Skirmisher (level 7, -7/55 HPs)
             Began as a Demonspawn Abyssal Knight on Feb 29, 2016.
             Was a Believer of Lugonu.
             Killed by nerve-wracking pain
             ... invoked by an orc priest
              (9 damage)
             ... on level 4 of the Dungeon.
             The game lasted 00:10:20 (4041 turns).

Gargoyl the Skirmisher (Demonspawn Abyssal Knight)  Turns: 4041, Time: 00:10:20

Health: -7/55      AC: 12    Str: 19    XL:     7   Next: 72%
Magic:  9/9        EV: 11    Int: 13    God:    Lugonu [**....]
Gold:   164        SH:  4    Dex: 15    Spells: 0 memorised, 6 levels left

rFire  + . .     SeeInvis .     w - +0 war axe
rCold  x . .     Clarity  .     q - +1 scale mail
rNeg   . . .     SustAt   .     i - +0 buckler
rPois  .         Gourm    .     (no helmet)
rElec  .         Spirit   .     o - +2 cloak
rCorr  .         Warding  .     (no gloves)
rMut   .         Stasis   .     f - +0 pair of boots
MR     .....                    (no amulet)
Stlth  +.........               l - ring of flight
                                b - ring of fire

@: mighty, not resistant to hostile enchantments, very unstealthy
A: hooves 1, thin skeletal structure 1, powered by pain 2
a: Depart the Abyss, Bend Space, Renounce Religion, Evoke Flight


You were on level 4 of the Dungeon.
You worshipped Lugonu.
Lugonu was pleased with you.
You were not hungry.

You visited 1 branch of the dungeon, and saw 4 of its levels.
You visited the Abyss 1 time.

You collected 164 gold pieces.

Inventory:

Hand Weapons
 v - a cursed -3 flail
 w - a +0 war axe (weapon)
Armour
 f - a +0 pair of boots (worn)
 i - a +0 buckler (worn)
 o - a +2 cloak (worn)
 q - a +1 scale mail (worn)
Jewellery
 b - a ring of fire (left hand)
 l - a ring of flight (right hand)
Scrolls
 d - 2 scrolls of identify
 s - 2 scrolls of magic mapping
 t - a scroll of remove curse
Potions
 a - a potion of agility {unknown}
 e - 2 potions of flight {unknown}
 h - a potion of brilliance
 m - a potion of ambrosia {unknown}
 p - a potion of poison
 r - a potion of invisibility {unknown}
Books
 n - a book of Callings

   Spells                             Type                      Level
   a - Summon Small Mammal            Summoning                    1
   b - Call Imp                       Summoning                    2
   c - Call Canine Familiar           Summoning                    3
   d - Summon Guardian Golem          Hexes/Summoning              3
   e - Summon Lightning Spire         Summoning/Air                4
   f - Summon Ice Beast               Ice/Summoning                4
Comestibles
 c - 3 bread rations
 j - 2 fruits


   Skills:
 + Level 4.7 Fighting
 + Level 3.6 Axes
 + Level 4.5 Armour
 + Level 4.1 Dodging
 + Level 0.4 Stealth
 + Level 1.4 Shields
 + Level 3.0 Invocations


You had 6 spell levels left.
You didn't know any spells.

Dungeon Overview and Level Annotations

Branches:
Dungeon (4/15)
 Temple: D:4-7

Altars:
Makhleb
Qazlal
Vehumet


Innate Abilities, Weirdness & Mutations

You have large cloven feet.
You have a somewhat thin skeletal structure (Dex +2, Stealth).
You sometimes gain power by taking damage.


Message History

The orc priest miscasts a cantrip.
You hit the orc priest.
You kill the orc priest!
Lugonu accepts your kill.
You slash the orc!
You kill the orc!
Lugonu accepts your kill.
You closely miss the orc priest.
The orc hits you from afar with a trident of piercing.
* * * LOW HITPOINT WARNING * * *
x2 The orc priest hits you but does no damage.
You slash the orc priest!
The orc priest is heavily wounded.
The orc closely misses you. The orc priest barely misses you.
The orc barely misses you.
Your shield prevents you from hitting the orc priest.
The orc priest is heavily wounded.
The orc priest mumbles some strange prayers to Beogh against you.
Pain shoots through your body!
You die...

######################
...................(.# #####
####.#.###......o)...###...##
....###.........@)o..##.....#
.##..#.###..#.#####.........#
.##.#.........#####.†.......#####
..........#.......<..............
..###...#..).####.#.......#.#####
..###...##...####.#....#.....####
...##.#.##......#.#..#.....#(....
##....#.##..###.#.#..[.#..###....
#..........# #.#.#........#..###


You could see an orc priest and an orc.

Vanquished Creatures
  The ghost of kropeczka the Conjurer, an amateur DECj (D:4)
  3 phantoms
  2 giant frogs
  An orc priest (D:4)
  3 orc wizards (D:4)
  Ijyb (D:2)
  A hound (D:4)
  Natasha (thrice) (D:3)
  3 adders
  2 worms (D:2)
  4 giant geckos
  6 orcs (D:4)
  3 ball pythons
  5 bats
  A giant cockroach (D:1)
  4 goblins
  9 hobgoblins
  2 quokkas (D:4)
  7 giant newts
  7 kobolds
  7 rats
75 creatures vanquished.

Notes
Turn   | Place    | Note
--------------------------------------------------------------
     0 | Abyss:1  | Gargoyl the Demonspawn Abyssal Knight began the quest for the Orb.
     0 | Abyss:1  | Reached XP level 1. HP: 18/18 MP: 2/2
    73 | Abyss:1  | Noticed a raiju
    75 | Abyss:1  | Noticed a sixfirhy
    77 | D:1      | Escaped the Abyss
   154 | D:1      | Reached * piety under Lugonu
   289 | D:1      | Gained mutation: You sometimes gain a little power by taking damage. [demonic ancestry]
   289 | D:1      | Reached XP level 2. HP: 17/24 MP: 4/4
   291 | D:1      | Reached skill level 1 in Dodging
  1080 | D:2      | Gained mutation: You have a somewhat thin skeletal structure (Dex +2, Stealth). [demonic ancestry]
  1080 | D:2      | Reached XP level 3. HP: 19/29 MP: 5/5
  1239 | D:2      | Noticed Ijyb
  1279 | D:2      | Killed Ijyb
  1416 | D:2      | Reached XP level 4. HP: 32/35 MP: 6/6
  1599 | D:2      | Found a burning altar of Makhleb.
  1818 | D:2      | Found a radiant altar of Vehumet.
  1979 | D:2      | Found a stormy altar of Qazlal.
  2057 | D:3      | Noticed a phantom
  2228 | D:3      | Noticed a giant frog
  2234 | D:3      | Killed a giant frog
  2234 | D:3      | Reached XP level 5. HP: 37/42 MP: 7/7
  2267 | D:3      | Reached ** piety under Lugonu
  2454 | D:3      | Killed a phantom
  2602 | D:3      | Noticed Natasha
  2613 | D:3      | Killed Natasha
  2613 | D:3      | Gained mutation: You sometimes gain power by taking damage. [demonic ancestry]
  2613 | D:3      | Reached XP level 6. HP: 43/48 MP: 8/8
  2664 | D:3      | Noticed Natasha
  2673 | D:3      | Killed Natasha
  2724 | D:3      | Noticed Natasha
  2728 | D:3      | Killed Natasha
  3028 | D:4      | Reached skill level 4 in Fighting
  3454 | D:4      | Reached skill level 1 in Shields
  3454 | D:4      | Gained mutation: You have large cloven feet. [demonic ancestry]
  3454 | D:4      | Reached XP level 7. HP: 22/54 MP: 9/9
  3849 | D:4      | Noticed kropeczka's ghost (amateur DECj)
  3863 | D:4      | Killed kropeczka's ghost
  4039 | D:4      | HP: 2/55 [orc/trident of piercing (1)]
  4041 | D:4      | Killed from afar by an orc priest

Action                   |  1- 3 |  4- 6 |  7- 9 || total
-------------------------+-------+-------+-------++-------
Melee: Hand axe          |   131 |   177 |       ||   308
       War axe           |       |    72 |    35 ||   107
Invok: Depart the Abyss  |     1 |       |       ||     1
  Use: Potion            |     2 |     1 |     3 ||     6
       Scroll            |       |     9 |       ||     9
  Eat: Chunk             |     2 |     7 |     2 ||    11
